 Dungeon Crawl Stone Soup version 0.25.0-15-gac7dcb8919 (webtiles) character file.

Game seed: 12585930714104891643

427 DungeonDestroyer the Shield-Bearer (level 6, -2/53 HPs)
             Began as a Gnoll Fighter on June 28, 2020.
             Slain by a slave (6 damage)
             ... led by Pikel
             ... on level 4 of the Dungeon.
             The game lasted 00:06:42 (2778 turns).

DungeonDestroyer the Shield-Bearer (Gnoll Fighter)  Turns: 2778, Time: 00:06:42

Health: -2/53      AC: 13    Str: 19    XL:     6   Next: 97%
Magic:  9/9        EV:  7    Int: 11    God:
Gold:   41         SH: 12    Dex: 15    Spells: 9/9 levels left

rFire    . . .     SeeInvis .   a - +0 war axe
rCold    . . .     Gourm    .   c - +1 kite shield
rNeg     . . .     Faith    .   h - +0 chain mail
rPois    .         Spirit   .   (no helmet)
rElec    .         Reflect  .   r - +0 cloak
rCorr    .         Harm     .   g - +0 pair of gloves
MR       .....                  (no boots)
Stlth    ..........             (no amulet)
HPRegen  0.17/turn              e - ring of flight
MPRegen  0.11/turn              (no ring)

@: lightly drained
A: distributed training, fangs 1, strong nose
a: Evoke Flight


You were on level 4 of the Dungeon.
You were not hungry.

You visited 1 branch of the dungeon, and saw 4 of its levels.

You collected 171 gold pieces.
You spent 130 gold pieces at shops.

Inventory:

Hand Weapons
 a - a +0 war axe (weapon)
 m - a +0 mace
Missiles
 b - 84 stones (quivered)
Armour
 c - a +1 kite shield (worn)
 g - a +0 pair of gloves (worn)
 h - a +0 chain mail (worn)
 r - a +0 cloak (worn)
Jewellery
 e - a ring of flight (left hand)
Wands
 n - a wand of enslavement (10)
 v - a wand of digging (6)
Scrolls
 k - 4 scrolls of enchant armour
 l - a scroll of fog
 p - 2 scrolls of immolation
 s - 5 scrolls of identify
 t - a scroll of amnesia
 u - a scroll of remove curse
 x - a scroll of noise {unknown}
Potions
 d - a potion of might
 i - a potion of stabbing
 j - a potion of curing
 q - 2 potions of cancellation
 w - a potion of haste {unknown}
Comestibles
 f - 6 rations
 o - 2 chunks of flesh


   Skills:
 + Level 6.9(6.6) Fighting
 + Level 2.1(1.9) Short Blades
 + Level 2.1(1.9) Long Blades
 + Level 5.0(4.8) Axes
 + Level 2.1(1.9) Maces & Flails
 + Level 2.1(1.9) Polearms
 + Level 2.1(1.9) Staves
 + Level 2.1(1.9) Slings
 + Level 2.1(1.9) Bows
 + Level 2.1(1.9) Crossbows
 + Level 2.1(1.9) Throwing
 + Level 6.9(6.6) Armour
 + Level 2.1(1.9) Dodging
 + Level 2.1(1.9) Stealth
 + Level 6.9(6.6) Shields
 + Level 2.1(1.9) Unarmed Combat
 + Level 2.1(1.9) Spellcasting
 + Level 1.7(1.4) Conjurations
 + Level 1.7(1.4) Hexes
 + Level 1.7(1.4) Charms
 + Level 1.7(1.4) Summonings
 + Level 1.7(1.4) Necromancy
 + Level 1.7(1.4) Translocations
 + Level 1.7(1.4) Transmutations
 + Level 1.7(1.4) Fire Magic
 + Level 1.7(1.4) Ice Magic
 + Level 1.7(1.4) Air Magic
 + Level 1.7(1.4) Earth Magic
 + Level 1.7(1.4) Poison Magic
 + Level 2.3(2.1) Invocations
 + Level 2.1(1.9) Evocations


You had 9 spell levels left.
You didn't know any spells.
Your spell library was empty.

Dungeon Overview and Level Annotations

Branches:
Dungeon (4/15)
 Temple: D:4-7

Altars:

Shops:
D:4 %

Annotations:
D:4 Pikel


Innate Abilities, Weirdness & Mutations

Your experience applies equally to all skills.
You have very sharp teeth.
Your uncanny sense of smell can sniff out nearby items.


Message History

Pikel hits you but does no damage.
Unknown command.
Your shield and chain mail prevent you from hitting Pikel.
Pikel is moderately wounded.
You closely miss the slave.
Your chain mail prevents you from hitting the slave.
You block the slave's attack. x2
Pikel sighs. "I should capture elves; my bodyguards all look the same!"
Pikel hits you with a +1 whip of electrocution.
* * * LOW HITPOINT WARNING * * *
The slave barely misses you.
You closely miss Pikel.
Pikel is moderately wounded.
You slash the slave!
Your chain mail prevents you from hitting the slave.
The slave barely misses you.
Pikel hits you with a +1 whip of electrocution.
* * * LOW HITPOINT WARNING * * *
The slave hits you.
You die...

.(. .# ... # .# #.# .# .#
#..######.# ##.#
##.........#### #..#
.#p....#.......###.###
.......K.# #....#..#
.p.....#.#####...###.#####
###...##.##K@...## ##....#
#..# #..ppp....###.###.#
...# #.##p##?.#.#..# #.#
.... #.............# #.#
... #.##.##.####### #.####
.. #.##.##.# #.....
#.##.##.#############.
#...............^.# #.
.########.##.....!.....#
#.


You could see Pikel and 4 slaves.

Vanquished Creatures
  A scorpion (D:4)
  3 wights (D:4)
  An orc priest (D:2)
  An orc wizard (D:2)
  Jessica (D:2)
  Terence (D:2)
  6 adders
  3 oozes
  A dart slug (D:2)
  2 leopard geckos
  3 orcs
  A ball python (D:1)
  4 giant cockroaches
  7 goblins
  7 hobgoblins
  6 jackals (D:1)
  6 kobolds
  A quokka (D:4)
  11 bats
  A frilled lizard (D:2)
  10 rats
77 creatures vanquished.

Notes
Turn   | Place    | Note
-------+----------+-------------------------------------------
     0 | D:1      | DungeonDestroyer the Gnoll Fighter began the quest for the
                  | Orb.
     0 | D:1      | Reached XP level 1. HP: 23/23 MP: 1/1
    16 | D:1      | Reached XP level 2. HP: 29/29 MP: 2/2
   269 | D:1      | Reached XP level 3. HP: 32/35 MP: 3/3
   336 | D:1      | You fall into a shaft and drop 1 floor!
   533 | D:2      | Reached skill level 1 in Invocations
   707 | D:2      | Reached skill level 1 in Short Blades
   707 | D:2      | Reached skill level 1 in Long Blades
   707 | D:2      | Reached skill level 1 in Maces & Flails
   707 | D:2      | Reached skill level 1 in Polearms
   707 | D:2      | Reached skill level 1 in Staves
   707 | D:2      | Reached skill level 1 in Slings
   707 | D:2      | Reached skill level 1 in Bows
   707 | D:2      | Reached skill level 1 in Crossbows
   707 | D:2      | Reached skill level 1 in Throwing
   707 | D:2      | Reached skill level 1 in Dodging
   707 | D:2      | Reached skill level 1 in Stealth
   707 | D:2      | Reached skill level 1 in Unarmed Combat
   707 | D:2      | Reached skill level 1 in Spellcasting
   707 | D:2      | Reached skill level 1 in Evocations
   748 | D:2      | Reached XP level 4. HP: 41/41 MP: 5/5
   768 | D:2      | Reached skill level 1 in Conjurations
   768 | D:2      | Reached skill level 1 in Hexes
   768 | D:2      | Reached skill level 1 in Charms
   768 | D:2      | Reached skill level 1 in Summonings
   768 | D:2      | Reached skill level 1 in Necromancy
   768 | D:2      | Reached skill level 1 in Translocations
   768 | D:2      | Reached skill level 1 in Transmutations
   768 | D:2      | Reached skill level 1 in Fire Magic
   768 | D:2      | Reached skill level 1 in Ice Magic
   768 | D:2      | Reached skill level 1 in Air Magic
   768 | D:2      | Reached skill level 1 in Earth Magic
   768 | D:2      | Reached skill level 1 in Poison Magic
   768 | D:2      | Reached XP level 5. HP: 13/47 MP: 6/6
   976 | D:2      | Noticed Jessica
   980 | D:2      | Noticed Terence
   982 | D:2      | Killed Jessica
   992 | D:2      | Killed Terence
  1487 | D:3      | Reached XP level 6. HP: 45/53 MP: 8/8
  2197 | D:4      | Found Apparet's Food Boutique.
  2272 | D:4      | Reached skill level 5 in Axes
  2276 | D:4      | HP: 2/53 [wight/+0 dagger (3)]
  2715 | D:4      | Bought a ration for 65 gold pieces
  2715 | D:4      | Bought a ration for 65 gold pieces
  2757 | D:4      | Noticed Pikel
  2757 | D:4      | Noticed a slave
  2757 | D:4      | Noticed a slave
  2758 | D:4      | Noticed a slave
  2758 | D:4      | Noticed a slave
  2778 | D:4      | Slain by a slave

Illustrated notes

Levels and vault maps discovered:
D:1:      dpeg_arrival_ratfight, layout_rooms
D:2:      layout_loops_ring, uniq_terence, uniq_jessica
D:3:      layout_loops_ring
D:4:      layout_loops_cross, kennysheep_little_box, serial_shops, shop,
          uniq_edmund, uniq_pikel, uniq_duvessa

Skill      XL: |  1  2  3  4  5  6 |
---------------+-------------------+-----
Invocations    | 1 2 |  2.3
Short Blades   | 1 2 |  2.1
Long Blades    | 1 2 |  2.1
Maces & Flails | 1 2 |  2.1
Polearms       | 1 2 |  2.1
Staves         | 1 2 |  2.1
Slings         | 1 2 |  2.1
Bows           | 1 2 |  2.1
Crossbows      | 1 2 |  2.1
Throwing       | 1 2 |  2.1
Dodging        | 1 2 |  2.1
Stealth        | 1 2 |  2.1
Unarmed Combat | 1 2 |  2.1
Spellcasting   | 1 2 |  2.1
Evocations     | 1 2 |  2.1
Conjurations   | 1 |  1.7
Hexes          | 1 |  1.7
Charms         | 1 |  1.7
Summonings     | 1 |  1.7
Necromancy     | 1 |  1.7
Translocations | 1 |  1.7
Transmutations | 1 |  1.7
Fire Magic     | 1 |  1.7
Ice Magic      | 1 |  1.7
Air Magic      | 1 |  1.7
Earth Magic    | 1 |  1.7
Poison Magic   | 1 |  1.7
Axes           | 5 |  5.0
Fighting       | |  6.9
Armour         | |  6.9
Shields        | |  6.9

Action                   |  1- 3 |  4- 6 || total
-------------------------+-------+-------++-------
Melee: War axe           |    89 |   174 ||   263
       Bite              |     7 |    21 ||    28
  Use: Scroll            |     2 |     6 ||     8
       Potion            |     2 |     8 ||    10
  Eat: Chunk             |       |     4 ||     4
       Ration            |       |     1 ||     1
Armor: Scale mail        |     3 |       ||     3
       Chain mail        |    63 |    98 ||   161
Dodge: Dodged            |    25 |    40 ||    65
Block: Kite shield       |    62 |   135 ||   197
